 Dungeon Crawl Stone Soup version 0.17-a0-1572-g7a1422d (webtiles) character file.

384 Chiseanne the Skirmisher (level 6, -1/49 HPs)
             Began as a Demonspawn Wanderer on July 26, 2015.
             Slain by a gnoll
             ... wielding a +0 halberd
              (11 damage)
             ... on level 5 of the Dungeon.
             The game lasted 00:10:33 (3631 turns).

Chiseanne the Skirmisher (Demonspawn Wanderer)      Turns: 3631, Time: 00:10:33

Health: -1/49      AC:  7    Str: 12    XL:     6   Next: 47%
Magic:  10/10      EV:  7    Int: 16    God:
Gold:   117        SH:  0    Dex: 12    Spells: 2 memorised, 7 levels left

rFire  . . .     SeeInvis .     s - +2 dagger (venom)
rCold  . . .     Clarity  .     d - +2 robe
rNeg   . . .     SustAt   .     (no shield)
rPois  .         Gourm    .     (no helmet)
rElec  .         Spirit   .     (no cloak)
rCorr  .         Warding  .     q - +2 pair of gloves
rMut   .         Stasis   .     (no boots)
MR     .....                    (no amulet)
Stlth  +.........               (no ring)
                                (no ring)

@: not resistant to hostile enchantments, very unstealthy
A: claws 2, hooves 1
a: no special abilities


You were on level 5 of the Dungeon.
You were not hungry.

You visited 1 branch of the dungeon, and saw 5 of its levels.
You also visited: Sewer.

You collected 117 gold pieces.

Inventory:

Hand weapons
 a - a +2 spear
 s - a +2 dagger of venom (weapon)
Missiles
 f - 27 bolts
 j - 46 arrows
 t - 19 poisoned needles
Armour
 d - a +2 robe (worn)
 e - a +0 shield
 q - a +2 pair of gloves (worn)
Scrolls
 b - 2 scrolls of teleportation
 k - 5 scrolls of remove curse
Potions
 h - 2 potions of agility {unknown}
 l - 3 potions of flight
 m - a potion of lignification {unknown}
 n - a potion of might {unknown}
 o - 2 potions of brilliance {unknown}
 p - a potion of curing {unknown}
 u - 3 potions of heal wounds {unknown}
Books
 c - the Incunabulum of Changing

   Spells                             Type                      Level
   a - Beastly Appendage              Transmutation                1
   b - Passwall                       Transmutation/Earth          3
Comestibles
 i - a meat ration


   Skills:
 * Level 4.4 Fighting
 - Level 1.7 Armour
 * Level 2.7 Dodging
 - Level 1.0 Shields
 * Level 3.3 Spellcasting
 * Level 3.2 Transmutations
   Level 1.0 Evocations


You had 7 spell levels left.
You knew the following spells:

 Your Spells              Type           Power        Failure   Level  Hunger
a - Beastly Appendage     Trmt           ##....       6%          1    None
b - Passwall              Trmt/Erth      #.........   34%         3    ###....


Dungeon Overview and Level Annotations

Branches:
Dungeon (5/15)
 Temple: D:4-7

Altars:
Qazlal

Annotations:
D:5 Chiseanne's ghost, average DsWn; Prince Ribbit


Innate Abilities, Weirdness & Mutations

You have very sharp fingernails.
You have large cloven feet.


Message History

Your surroundings suddenly seem different.
Found 16 gold pieces.
A goblin comes into view. It is wielding a club.
A gnoll comes into view. It is wielding a flail.
The goblin shouts!
The gnoll shouts!
The goblin misses you.
A gnoll comes into view.
Prince Ribbit gives a loud, deep croak!
Prince Ribbit croaks regally.
Prince Ribbit casts a spell.
Prince Ribbit looks slightly unstable.
The goblin hits you but does no damage.
A gnoll comes into view.
The gnoll shouts! x2
The goblin misses you.
Prince Ribbit disappears!
There is an escape hatch in the ceiling here.
The goblin barely misses you.
The scorpion stings you but does no damage.
The gnoll hits you from afar with a halberd!
You die...

.,* ##............** *#........
.#####..#####.....#* *..#......
.....#.#########..######.#..#####
.........................,.##
.#..###########..........,.**
,##...# #............,..**
,*###)# #...........,,,,,*
,***#.# #..g..g§...<,,,,,*
,,,*#.# #...@sg.g...,,,,,*
**,*#.# *#....g......,,,,,*
**,*#$#* #............,,,,,*
**,*#.W*** #...#.$......,,,,**
,*,*##.,,* #...##.......,,,** ###
,*,*****,**#########..##**** #F.
,,,,,,,,,,,,,,,,......#* ##..
**,,****,********#.....### ##...
**,,***,* ####......####....


You could see a scorpion, 4 gnolls and a goblin.

Vanquished Creatures
  A centaur (D:5)
  A big kobold (Sewer)
  A hound (D:5)
  A worker ant (D:4)
  2 hound skeletons (D:4)
  2 river rats (Sewer)
  3 gnolls (D:4)
  6 adders
  A worm (D:2)
  A giant gecko (D:2)
  2 bat skeletons
  2 giant cockroaches
  4 hobgoblins
  4 jackals
  13 kobolds
  A ball python (D:1)
  8 bats
  3 giant newts (D:2)
  7 goblins
  10 rats
73 creatures vanquished.

Notes
Turn   | Place    | Note
--------------------------------------------------------------
     0 | D:1      | Chiseanne the Demonspawn Wanderer began the quest for the Orb.
     0 | D:1      | Chiseanne set off with: a +2 spear, a scroll of teleportation, the Incunabulum of Changing, a +0 robe, a bread ration
     0 | D:1      | Reached XP level 1. HP: 18/18 MP: 2/2
     1 | D:1      | Identified the Incunabulum of Changing
     3 | D:1      | Learned a level 1 spell: Beastly Appendage
   690 | D:1      | Gained mutation: You have sharp fingernails. [demonic ancestry]
   690 | D:1      | Reached XP level 2. HP: 20/24 MP: 4/4
  1148 | D:2      | Reached skill level 1 in Dodging
  1148 | D:2      | Gained mutation: You have very sharp fingernails. [demonic ancestry]
  1148 | D:2      | Reached XP level 3. HP: 29/29 MP: 5/5
  1241 | D:2      | Found a stormy altar of Qazlal.
  1243 | D:2      | Noticed an air elemental
  1243 | D:2      | Noticed an earth elemental
  1244 | D:2      | Noticed a fire elemental
  1244 | D:2      | Noticed a water elemental
  1463 | D:2      | Learned a level 3 spell: Passwall
  1553 | D:2      | Reached XP level 4. HP: 33/35 MP: 7/7
  2197 | D:3      | You fall through a shaft for 2 floors!
  2197 | D:5      | Entered Level 5 of the Dungeon
  2197 | D:5      | Noticed a centaur
  2215 | D:5      | Killed a centaur
  2215 | D:5      | Reached XP level 5. HP: 5/42 MP: 7/9
  2347 | D:5      | Noticed Chiseanne's ghost (average DsWn)
  2432 | D:5      | Found a glowing drain.
  2446 | Sewer    | Entered a sewer
  2452 | Sewer    | Reached skill level 4 in Fighting
  2680 | Sewer    | Gained mutation: You have large cloven feet. [demonic ancestry]
  2680 | Sewer    | Reached XP level 6. HP: 40/48 MP: 10/10
  2745 | Sewer    | Found a glowing silver altar of Zin.
  3499 | D:4      | Noticed a hungry ghost
  3552 | D:5      | Noticed Prince Ribbit
  3631 | D:5      | Slain by a gnoll

Vault maps used:
D:1:      scummos_arrival_simple_crosswalls
D:2:      nicolae_qazlal_style_of_elements, grunt_ministairs_10,
          minmay_misc_feat_more_columns, patterned_corridor
D:3:      first_bread, kennysheep_big_empty_room,
          hangedman_abyss_or_decor_lesser_grid, bloody_makhleb
D:4:      enter_ossuary_1
D:5:      okawaru_metal_pillars_1_2, portal_sewer_entry_d,
          hangedman_glass_teeth, uniq_prince_ribbit1
Sewer:    sewer_kobolds

Action                   |  1- 3 |  4- 6 || total
-------------------------+-------+-------++-------
Melee: Spear             |    16 |       ||    16
       Dagger            |    76 |   166 ||   242
  Use: Scroll            |     6 |    11 ||    17
 Stab: Sleeping          |       |     1 ||     1
  Eat: Chunk             |     2 |     4 ||     6
       Bread ration      |       |     1 ||     1
